Map: [ESL] Gresvan

Players

Fjant

  • Race: Zerg Zerg
  • League: Grandmaster
  • Spawn Location: 11:00

HeroMarine - Winner!

  • Race: Terran Terran
  • Spawn Location: 5:00

Event: HomeStory Cup XXIII

VOD

Have the link to the VOD?

Description

Time

  • Played on: June 30, 2023, 12:41 p.m.
  • Length: 9:29

All games in this series

Show
View Real Time Build Order
Export as new Build Order

Fjant Zerg 

Build Orders: Hatch First 

Get SALT Encoding   

  12  0:00  Drone  
  13  0:14  Overlord  
  13  0:19  Drone  
  14  0:32  Drone x2  
  16  0:47  Hatchery  
  15  0:52  Drone  
  15  0:55  Drone  
  17  0:59  Drone  
  18  1:10  Extractor  
  17  1:14  Spawning Pool  
  17  1:16  Drone  
  17  1:21  Drone  
  18  1:29  Drone  
  19  1:41  Drone  
  20  1:52  Drone  
  21  2:00  Zergling x2  
  22  2:01  Queen x2  
  22  2:02  Zergling x2  
  27  2:13  Overlord  
  27  2:14  Drone  
  28  2:24  Hatchery  
  28  2:27  Drone  
  28  2:35  Drone x2  
  29  2:37  Spore Crawler  
  29  2:48  Drone x2  
  31  2:53  Drone, Overlord  
  31  2:54  Metabolic Boost  
  31  2:56  Drone  
  33  3:05  Queen  
  35  3:07  Overlord  
  35  3:12  Drone  
  36  3:15  Drone  
  36  3:17  Queen  
  36  3:19  Drone  
  40  3:25  Spore Crawler  
  38  3:32  Drone  
  38  3:34  Drone x3  
  41  3:36  Queen  
  41  3:40  Drone x3  
  48  3:45  Zergling x2  
  48  3:48  Zergling x4  
  51  3:49  Drone x2  
  51  3:53  Queen  
  55  3:57  Drone  
  55  3:58  Drone  
  55  4:01  Overlord  
  57  4:09  Drone  
  58  4:19  Queen, Overlord x2  
  58  4:20  Overlord  
  58  4:21  Drone x3  
  63  4:25  Drone x2  
  63  4:26  Drone, Spore Crawler  
  65  4:37  Overlord, Queen x2  
  69  4:39  Drone x2  
  69  4:44  Drone x2, Spore Crawler  
  72  4:45  Drone  
  72  4:47  Drone x2  
  72  4:50  Drone x2  
  77  4:55  Zergling x4  
  77  4:56  Drone x2  
  81  5:00  Spore Crawler  
  79  5:08  Zergling x4  
  79  5:09  Zergling x4  
  79  5:13  Hatchery, Zergling x2  
  79  5:14  Zergling x4  
  81  5:19  Drone  
  81  5:20  Drone x2  
  84  5:22  Extractor x2  
  84  5:23  Lair  
  84  5:25  Baneling Nest  
  84  5:26  Drone  
  84  5:27  Drone x2  
  84  5:31  Drone x3  
  87  5:37  Drone  
  87  5:38  Drone  
  87  5:41  Zergling x2  
  90  5:47  Overlord  
  90  5:49  Overlord  
  90  5:51  Overlord  
  81  6:04  Zergling x2  
  81  6:05  Zergling x12  
  87  6:14  Zergling x10  
  87  6:16  Drone  
  93  6:20  Extractor  
  93  6:23  Evolution Chamber, Roach Warren  
  93  6:24  Drone x2  
  93  6:25  Centrifugal Hooks, Evolution Chamber  
  90  6:27  Drone  
  90  6:30  Drone x2  
  90  6:31  Drone  
  92  6:38  Drone x2  
  91  6:45  Zergling x4  
  93  6:47  Zergling x2  
  92  6:56  Zergling x12  
  92  6:58  Drone  
  92  6:59  Drone x2  
  84  7:13  Drone  
  83  7:20  Drone  
  83  7:21  Drone x6  
  90  7:25  Zerg Missile Weapons Level 1, Zerg Melee Weapons Level 1  
  90  7:29  Drone  
  95  7:30  Drone x5  
  95  7:33  Drone  
  95  7:34  Hatchery  
  95  7:35  Hydralisk Den  
  95  7:36  Zergling x4  
  96  7:41  Zergling x4  
  96  7:42  Queen x2  
  102  7:48  Zergling x2  
  102  7:49  Zergling x2  
  104  7:56  Hatchery  
  104  7:57  Overlord  
  104  7:58  Drone x2  
  106  8:01  Drone  
  106  8:02  Drone x3  
  106  8:04  Hydralisk x8, Muscular Augments  
  119  8:07  Overseer  
  118  8:16  Zergling x10  
  121  8:20  Hydralisk x2  
  121  8:22  Pneumatized Carapace  
  121  8:23  Hydralisk x3  
  121  8:25  Overlord x2  
  124  8:35  Hydralisk  
  124  8:39  Zergling x2  
  124  8:40  Zergling x10  
  124  8:41  Hydralisk  
  115  8:46  Hydralisk  
  113  8:50  Hydralisk  
  113  8:51  Zergling x10  
  117  8:59  Zergling x4  
  107  9:07  Zergling x6  
Show
View Real Time Build Order
Export as new Build Order

HeroMarine Terran - Winner!

Build Orders: Reaper Expand, Hellion Banshee 

Get SALT Encoding   

  12  0:00  SCV  
  13  0:12  SCV  
  14  0:17  Supply Depot  
  14  0:24  SCV  
  15  0:39  SCV  
  15  0:40  Barracks  
  16  0:43  Refinery  
  16  0:51  SCV  
  17  1:03  SCV  
  18  1:15  SCV  
  19  1:27  Orbital Command, Reaper  
  20  1:39  Command Center  
  20  1:46  Supply Depot  
  20  1:53  SCV  
  21  1:58  Marine  
  22  2:05  SCV  
  23  2:08  Factory  
  23  2:17  SCV  
  24  2:22  Barracks Reactor  
  24  2:29  SCV  
  25  2:41  SCV, Command Center  
  26  2:52  Orbital Command  
  26  2:53  SCV  
  27  2:59  Starport  
  27  3:05  SCV  
  28  3:07  Refinery  
  28  3:12  Hellion x2, Barracks Tech Lab  
  32  3:17  SCV  
  32  3:18  SCV  
  34  3:29  SCV  
  34  3:30  SCV  
  34  3:33  Hellion x2  
  40  3:41  Marine, SCV  
  40  3:42  SCV, Banshee  
  46  3:53  Orbital Command  
  46  3:54  SCV x2  
  48  3:57  Hellion  
  48  3:58  Hellion  
  52  4:04  Supply Depot  
  52  4:06  SCV x2  
  52  4:07  Cloaking Field  
  54  4:18  SCV x2  
  54  4:19  SCV  
  54  4:21  Hellion x2  
  61  4:25  Banshee  
  61  4:27  Supply Depot  
  61  4:30  SCV x2  
  66  4:31  SCV  
  66  4:36  Factory  
  67  4:38  Barracks Tech Lab  
  67  4:42  SCV  
  67  4:43  SCV  
  67  4:44  Orbital Command  
  69  4:49  Hellion x2  
  69  4:50  Supply Depot  
  69  4:52  Supply Depot  
  73  4:54  SCV  
  73  4:55  SCV, Refinery  
  73  4:56  Refinery  
  75  5:06  SCV  
  76  5:07  SCV  
  76  5:08  Hyperflight Rotors  
  76  5:11  Banshee  
  76  5:12  Hellion x2, Supply Depot  
  84  5:16  SCV  
  84  5:18  SCV  
  84  5:19  SCV  
  84  5:20  Supply Depot  
  87  5:23  Factory  
  87  5:28  SCV  
  88  5:30  SCV  
  88  5:31  Hellion, SCV  
  88  5:35  Supply Depot  
  92  5:39  Hellion x2  
  92  5:40  SCV  
  98  5:42  SCV  
  98  5:43  SCV  
  98  5:45  Infernal Pre-Igniter  
  97  5:52  Hellion, SCV  
  97  5:54  Banshee  
  97  5:55  SCV x2  
  105  6:02  Hellion  
  105  6:04  Hellion, SCV  
  108  6:07  SCV x2  
  111  6:13  Factory Tech Lab  
  111  6:16  SCV, Refinery x2  
  112  6:18  Cyclone  
  112  6:19  SCV x2, Factory  
  112  6:23  Factory  
  117  6:33  SCV x2  
  117  6:35  SCV  
  117  6:36  Hellion  
  117  6:38  Hellion  
  116  6:43  Supply Depot x2  
  116  6:44  Engineering Bay  
  116  6:45  SCV  
  116  6:46  Mag-Field Accelerator  
  116  6:47  SCV x2, Cyclone  
  122  6:50  Cyclone  
  125  6:58  Banshee  
  111  7:01  SCV x2  
  111  7:02  SCV  
  110  7:14  Hellion x2  
  110  7:15  Command Center  
  110  7:19  Cyclone  
  110  7:20  Factory Tech Lab, Factory Reactor  
  116  7:22  Cyclone  
  116  7:23  Armory  
  116  7:36  Hellion x2  
  120  7:40  SCV x3  
  120  7:42  Cyclone  
  120  7:44  Command Center  
  126  7:45  Banshee  
  126  7:51  Cyclone  
  130  7:55  Cyclone  
  133  7:59  Hellion x2  
  137  8:07  Hellion x2, Supply Depot x2  
  137  8:08  Supply Depot  
  137  8:10  Sensor Tower  
  141  8:18  Supply Depot  
  141  8:19  Cyclone, Supply Depot  
  142  8:21  Hellion x2  
  142  8:23  Cyclone  
  149  8:27  SCV x3, Cyclone  
  155  8:39  SCV  
  144  8:41  Hellion  
  144  8:42  Hellion  
  144  8:44  Hellion x2, Banshee  
  149  8:51  Cyclone  
  149  8:54  Factory x2  
  149  8:55  Cyclone  
  151  8:56  Factory  
  151  8:59  Hellion  
  151  9:03  Hellion  
  151  9:06  Hellion x2  
  151  9:07  Hellion  
  153  9:13  SCV x2  
  153  9:14  SCV  
  156  9:19  Refinery  
  156  9:21  Refinery  
Tags
 
Add a new tag
Caveats
  • Supply blocks, unpowered buildings, or Contaminate may cause inaccurate times.
  • Supply counts are checked every 10 seconds.